 Dungeon Crawl Stone Soup version 0.28-a0-687-gb91baff9cc (webtiles) character file.

Game seed: 4450386430592781038

36795 ytrimaz the Shatterer (level 13, -8/118 HPs)
             Began as a Minotaur Berserker on Oct 19, 2021.
             Was a High Priest of Trog.
             Killed from afar by a frost giant (24 damage)
             ... with a bolt of cold
             ... on level 12 of the Dungeon.
             The game lasted 00:28:27 (15757 turns).

ytrimaz the Shatterer (Minotaur Berserker)         Turns: 15757, Time: 00:28:27

Health: -8/118     AC: 23    Str: 32    XL:     13   Next: 54%
Magic:  12/12      EV:  9    Int:  8    God:    Trog [*****.]
Gold:   1460       SH:  5    Dex:  8    Spells: 12/12 levels left

rFire   . . .      SeeInvis .   e - +9 great mace (freeze)
rCold   . . .      Faith    .   (shield currently unavailable)
rNeg    . . .      Spirit   .   m - +2 plate armour {rPois}
rPois   +          Reflect  +   (helmet restricted)
rElec   +          Harm     .   (no cloak)
rCorr   .          Rampage  .   (no gloves)
Will    .....                   h - +0 pair of boots
Stlth   ..........              K - amulet "Sakarch" {Reflect rElec Int+4 Dex-3 SH+5}
HPRegen 0.29/turn               d - +6 ring of strength
MPRegen 0.13/turn               j - +4 ring of protection

@: flying, slowed, very slow
A: horns 2, retaliatory headbutt
a: Renounce Religion, Berserk, Trog's Hand, Brothers in Arms


You were on level 12 of the Dungeon.
You worshipped Trog.
Trog was extremely pleased with you.
You visited 1 branch of the dungeon, and saw 12 of its levels.
You also visited: Bailey.

You collected 1460 gold pieces.

Inventory:

Hand Weapons
 e - a +9 great mace of freezing (weapon)
 u - a +9 dire flail of holy wrath
 x - a +5 mace of flaming
Missiles
 H - a throwing net (quivered)
Armour
 c - a +0 tower shield
 g - a +0 buckler
 h - a +0 pair of boots (worn)
 m - a +2 plate armour of poison resistance (worn)
 L - +0 fire dragon scales
Jewellery
 d - a +6 ring of strength (left hand)
 j - a +4 ring of protection (right hand)
 p - a ring of resist corrosion
 q - a ring of ice
 B - a +4 ring of evasion
 C - a ring of flight
 K - the amulet "Sakarch" (around neck) {Reflect rElec Int+4 Dex-3 SH+5}
   (You acquired it on level 11 of the Dungeon)

   [amulet of reflection]

   It reflects blocked missile attacks.
   Int:       It affects your intelligence (+4).
   Dex:       It affects your dexterity (-3).
   rElec:     It insulates you from electricity.
   SH:        It affects your SH (+5).
Wands
 b - a wand of mindburst (14)
 v - a wand of acid (3)
 w - a wand of iceblast (10)
 D - a wand of flame (11)
 F - a wand of charming (4)
Scrolls
 i - a scroll of teleportation
 k - 2 scrolls of magic mapping
 l - 2 scrolls of fog
 y - 4 scrolls of enchant armour
Potions
 a - 2 potions of flight
 f - a potion of resistance
 n - 4 potions of might
 o - a potion of haste {unknown}
 r - 3 potions of attraction
 s - 3 potions of magic
 t - 2 potions of mutation
 z - 3 potions of cancellation
 A - 5 potions of heal wounds
 G - a potion of curing
 J - a potion of lignification {unknown}


   Skills:
 + Level 12.1 Fighting
 * Level 21.0 Maces & Flails
 * Level 13.6 Armour
 - Level 2.1 Dodging
 - Level 4.2 Shields


You had 12 spell levels left.
You didn't know any spells.
Your spell library was empty.

Dungeon Overview and Level Annotations

Branches:
Dungeon (12/15)            Temple (0/1) D:6            Lair (0/6) D:11
    Orc (0/2) D:12         Bailey (visited)

Altars:
Cheibriados
Dithmenos
Elyvilon
Fedhas
Hepliaklqana
Kikubaaqudgha
Nemelex Xobeh
Okawaru
Sif Muna
Trog
Zin
The Shining One
Beogh
Lugonu


Innate Abilities, Weirdness & Mutations

You have a pair of horns on your head.
You reflexively headbutt those who attack you in melee.


Message History

Your headbutt misses the freezing wraith.
The freezing wraith is moderately damaged.
The freezing wraith hits you! The freezing wraith freezes you!
The freezing wraith hits you. The freezing wraith drains your vigour!
You feel yourself slow down.
You hit the freezing wraith.
The freezing wraith is moderately damaged.
You barely miss the frost giant.
You headbutt the frost giant, but do no damage.
You sock the frost giant! You headbutt the frost giant!
The frost giant is moderately wounded.
The frost giant hits you with a +3 battleaxe of freezing!!
The frost giant freezes you!
The frost giant gestures at you while chanting.
The bolt of cold hits you!!
Unknown command.
You hammer the frost giant like a gong!!!
You freeze the frost giant. You headbutt the frost giant!
The frost giant is almost dead.
The frost giant points at you and mumbles some strange words.
The bolt of cold hits you but does no damage.
Unknown command.
You sock the frost giant!
The frost giant is almost dead.
The frost giant hits you with a +3 battleaxe of freezing!!
* * * LOW HITPOINT WARNING * * *
The frost giant freezes you!
* * * LOW HITPOINT WARNING * * *
Unknown command.
You feel much better.
The frost giant hits you with a +3 battleaxe of freezing!
* * * LOW HITPOINT WARNING * * *
The frost giant freezes you.
* * * LOW HITPOINT WARNING * * *
Unknown command.
You feel very buoyant.
You fly up into the air.
The frost giant casts a spell at you. The bolt of cold hits you!!
You die...

#.♣ ♣.#♣♣.♣
#.###.#.)(.♣#.♣♣..#
#.♣ ♣.#♣.≈
#.....#..♣.♣#.♣..♣#
#.♣ ♣.#.≈≈
#.♣.♣.#...♣♣#...♣♣
#.♣♣♣.#♣.
#.♣.♣.#♣.♣♣ #.)♣♣
#.....#♣♣
#♣♣.♣♣#♣♣.♣ #.♣)♣
###.### ##.# ###
###.### #♣♣.♣♣#
♣♣..♣ #.♣.♣.#
#♣P...# ♣♣..♣♣♣♣
#♣.♣.♣# #♣.≈♣.#
♣♣..♣♣@.♣♣ #.♣.♣.#
#♣.≈..#
♣♣..♣♣C...♣♣
#♣.♣.♣# #♣.≈P♣#
♣♣..♣♣W♣♣♣..♣♣
#.♣.♣.# #♣.P♣♣
#♣..♣♣C# ♣♣..♣♣
#♣.♣.♣#
#♣.♣♣♣##..♣♣zH
♣♣..♣##♣♣.♣♣#
#.....<#..♣♣#
♣♣..(#>..⌠..#
#♣♣♣.♣##♣..♣#
♣♣..♣♣##♣♣.♣♣#
#♣...♣# ♣♣..♣#
♣♣..♣♣ #♣.♣)♣#
#♣♣♣..#
♣♣..♣♣♣♣..♣♣
#.♣.♣.#


You could see a frost giant, a sphinx, a skeletal warrior, a cyclops and a
freezing wraith.

Vanquished Creatures
  2 fire dragons (D:12)
  2 boulder beetles
  2 hydras (D:12)
  A centaur warrior (D:12)
  5 two-headed ogres
  A tengu warrior (D:12)
  A deep troll earth mage (D:12)
  6 orc knights
  A deep elf pyromancer (D:12)
  4 cyclopes (D:12)
  2 manticores
  An elephant (D:11)
  A black mamba (shapeshifter) (D:12)
  2 gargoyles (D:12)
  3 unseen horrors
  Psyche (D:8)
  A tengu conjurer (D:12)
  5 kobold demonologists
  6 trolls
  3 slime creatures (D:12)
  2 shadows (D:12)
  A wyvern (D:11)
  A basilisk (D:11)
  2 wraiths (D:12)
  3 vampires
  26 yaks
  2 steam dragons
  A vampire mosquito (D:12)
  2 acid dragons
  A water moccasin (D:9)
  Duvessa (D:5)
  A black bear (D:11)
  2 sky beasts
  11 orc warriors
  2 ogres
  A necrophage (D:6)
  6 centaurs (D:12)
  2 kobold brigands
  Blork the orc (D:4)
  3 bullfrogs
  Dowan (D:5)
  A wyvern zombie (D:6)
  A water moccasin skeleton (D:7)
  13 killer bees
  6 wights
  3 howler monkeys
  5 centaur zombies
  A human zombie (D:6)
  3 hounds (D:5)
  3 bullfrog zombies (D:6)
  2 centaur skeletons (D:7)
  A gnoll shaman (D:10)
  8 orc priests
  2 iguanas
  12 orc wizards
  Terence (D:3)
  A hound zombie (D:5)
  3 hound skeletons
  3 mummies (D:6)
  2 howler monkey zombies
  17 gnolls
  5 adders
  A shadow imp (D:7)
  A white imp (D:6)
  2 worms
  3 dart slugs
  74 orcs
  3 bats
  7 endoplasms
  3 giant cockroaches
  6 goblins
  A hobgoblin (D:4)
  3 jackals (D:1)
  28 kobolds
  4 quokkas
  6 ball pythons
  2 frilled lizards
  A rat (D:1)
360 creatures vanquished.

Vanquished Creatures (collateral kills)
  A death knight (D:12)
  2 orcs (Bailey)
3 creatures vanquished.

Vanquished Creatures (others)
  An orc (D:9)
  A quokka (D:12)
  6 demonic plants (D:10)
  17 fungi (D:3)
  A plant (D:11)
26 creatures vanquished.

Grand Total: 389 creatures vanquished

Notes
Turn   | Place    | Note
-------+----------+-------------------------------------------
     0 | D:1      | ytrimaz the Minotaur Berserker began the quest for the Orb.
     0 | D:1      | Reached XP level 1. HP: 19/19 MP: 0/0
    83 | D:1      | Reached XP level 2. HP: 13/27 MP: 1/1
   272 | D:1      | Reached skill level 4 in Maces & Flails
  1087 | D:2      | Reached XP level 3. HP: 27/33 MP: 2/2
  2092 | D:3      | Reached ** piety under Trog
  2104 | D:3      | Reached XP level 4. HP: 40/41 MP: 3/3
  2107 | D:3      | Reached skill level 5 in Maces & Flails
  2384 | D:3      | Found a faded altar of an unknown god.
  2398 | D:3      | Identified a scroll of acquirement
  2398 | D:3      | Acquired a +2 great mace of protection
  2530 | D:3      | Noticed Terence
  2535 | D:3      | Killed Terence
  2536 | D:3      | Reached XP level 5. HP: 47/47 MP: 4/4
  2573 | D:3      | Found a hazy altar of Hepliaklqana.
  2744 | D:3      | Found a sparkling altar of Nemelex Xobeh.
  2934 | D:4      | Found a glowing silver altar of Zin.
  2953 | D:4      | Reached skill level 5 in Fighting
  2953 | D:4      | Reached skill level 6 in Maces & Flails
  3160 | D:4      | Reached XP level 6. HP: 56/56 MP: 5/5
  3281 | D:4      | Noticed Blork the orc
  3286 | D:4      | Killed Blork the orc
  3287 | D:4      | Reached skill level 7 in Maces & Flails
  4161 | D:5      | Entered Level 5 of the Dungeon
  4172 | D:5      | Reached skill level 8 in Maces & Flails
  4172 | D:5      | Reached XP level 7. HP: 56/61 MP: 6/6
  4634 | D:5      | Reached skill level 9 in Maces & Flails
  4642 | D:5      | Noticed Duvessa
  4647 | D:5      | Killed Duvessa
  4648 | D:5      | Reached skill level 5 in Armour
  4819 | D:5      | Noticed Dowan
  4820 | D:5      | Found a shimmering blue altar of Sif Muna.
  4824 | D:5      | Killed Dowan
  4824 | D:5      | Reached *** piety under Trog
  4830 | D:5      | Found a bloodstained altar of Trog.
  4927 | D:6      | Found a blossoming altar of Fedhas.
  5209 | D:6      | Reached XP level 8. HP: 70/70 MP: 7/7
  5282 | D:6      | Found a staircase to the Ecumenical Temple.
  5373 | D:6      | Reached skill level 10 in Maces & Flails
  6006 | D:6      | Found an ancient bone altar of Kikubaaqudgha.
  6020 | D:6      | Reached skill level 11 in Maces & Flails
  6413 | D:7      | Reached **** piety under Trog
  6427 | D:7      | Reached XP level 9. HP: 40/75 MP: 8/8
  6728 | D:7      | Found a shadowy altar of Dithmenos.
  6924 | D:7      | Reached skill level 12 in Maces & Flails
  7016 | D:7      | Found an iron altar of Okawaru.
  7317 | D:7      | Found a glowing golden altar of the Shining One.
  7360 | D:8      | Noticed Psyche
  7366 | D:8      | Killed Psyche
  7381 | D:8      | Acquired a +6 dire flail of holy wrath
  7514 | D:8      | Reached skill level 13 in Maces & Flails
  7555 | D:8      | Found a flagged portal.
  7574 | Bailey   | Entered a bailey
  7819 | Bailey   | Acquired 503 gold pieces
  8126 | Bailey   | Noticed an orc knight
  8170 | Bailey   | Killed an orc knight
  8245 | Bailey   | Noticed an orc knight
  8245 | Bailey   | Noticed an orc knight
  8251 | Bailey   | Noticed an orc knight
  8255 | Bailey   | Killed an orc knight
  8256 | Bailey   | Reached skill level 14 in Maces & Flails
  8256 | Bailey   | Reached XP level 10. HP: 40/86 MP: 9/9
  8262 | Bailey   | Killed an orc knight
  8311 | Bailey   | Killed an orc knight
  8462 | Bailey   | Noticed an orc knight
  8473 | Bailey   | Killed an orc knight
  8737 | D:8      | Reached skill level 16 in Maces & Flails
  8737 | D:8      | Reached XP level 11. HP: 97/97 MP: 10/10
  8786 | D:8      | Noticed a boulder beetle
  8795 | D:8      | Killed a boulder beetle
  9417 | D:9      | Found a snail-covered altar of Cheibriados.
 10001 | D:9      | Reached ***** piety under Trog
 10008 | D:9      | Reached skill level 17 in Maces & Flails
 10584 | D:10     | Entered Level 10 of the Dungeon
 10588 | D:10     | Found a corrupted altar of Lugonu.
 10652 | D:10     | Reached XP level 12. HP: 86/106 MP: 11/11
 11021 | D:10     | Received a gift from Trog
 11809 | D:11     | Reached skill level 10 in Fighting
 11853 | D:11     | Found a staircase to the Lair.
 11864 | D:11     | Reached skill level 18 in Maces & Flails
 11932 | D:11     | Noticed a two-headed ogre
 11937 | D:11     | Killed a two-headed ogre
 12485 | D:11     | Acquired the amulet "Sakarch" {Reflect rElec Int+4 Dex-3
                  | SH+5}
 12862 | D:12     | Noticed a fire dragon
 13014 | D:12     | Killed a fire dragon
 13289 | D:12     | Found a white marble altar of Elyvilon.
 13301 | D:12     | Noticed a two-headed ogre
 13302 | D:12     | Noticed a death knight
 13308 | D:12     | Killed a two-headed ogre
 13309 | D:12     | Reached skill level 19 in Maces & Flails
 13321 | D:12     | Killed a death knight
 13684 | D:12     | Noticed a seven-headed hydra
 13687 | D:12     | Killed a seven-headed hydra
 13916 | D:12     | Noticed a boulder beetle
 13919 | D:12     | Killed a boulder beetle
 13920 | D:12     | Reached XP level 13. HP: 115/115 MP: 12/12
 13937 | D:12     | Reached skill level 20 in Maces & Flails
 14662 | D:12     | Found a staircase to the Orcish Mines.
 14699 | D:12     | Received a gift from Trog
 15167 | D:12     | Noticed a fire dragon
 15171 | D:12     | Killed a fire dragon
 15195 | D:12     | Reached skill level 21 in Maces & Flails
 15745 | D:12     | Noticed a frost giant
 15746 | D:12     | Noticed a sphinx
 15757 | D:12     | Killed from afar by a frost giant

Illustrated notes

Levels and vault maps discovered:
D:1:      nicolae_arrival_washed_ashore, layout_rooms
D:2:      layout_loops_corners
D:3:      layout_rooms, mainiacjoe_overflow_cross_hatched, old_standard_altar,
          shapermc_ecumenical_altar_gd, uniq_terence
D:4:      cheibrodos_thug_alley, layout_loops_corners,
          mainiacjoe_overflow_surrounded_room, uniq_blork_the_orc
D:5:      layout_rooms, nzn_overflow_gifts_of_might_and_magic,
          minmay_misc_feat_encased
D:6:      layout_basic, nicolae_overflow_crystal_walls,
          lemuel_mausoleum_altar_kikubaaqudgha, temple_doors_e
D:7:      layout_loops_ring, tso_oasis_becter, lemuel_round_altar,
          kennysheep_little_box
D:8:      layout_basic, lightli_bailey_entry_fortress, uniq_psyche
D:9:      layout_roguey, lemuel_round_altar, eino_jars
D:10:     kennysheep_kobold_lugonu_temple, layout_irregular_city
D:11:     layout_stronghold, david_lair_generic
D:12:     nzn_winding_woodlands_huge [nzn_winding_woodlands_5x15_concentric,
          nzn_winding_woodlands_5x15_pathside_ponds,
          nzn_winding_woodlands_5x15_jagged, nzn_winding_woodlands_5x15_default,
          nzn_winding_woodlands_5x15_crooked, nzn_winding_woodlands_5x15_garden,
          nzn_winding_woodlands_5x15_parted,
          nzn_winding_woodlands_5x15_split_checker,
          nzn_winding_woodlands_5x15_pockets, nzn_winding_woodlands_5x15_cabin,
          nzn_winding_woodlands_center_pierced_h,
          nzn_winding_woodlands_center_triple_pond,
          nzn_winding_woodlands_15x15_thick_spiral], layout_irregular_city,
          david_orc_5, elyvilon_altar_4

Skill      XL: |  1  2  3  4  5  6  7  8  9 10 11 12 13 |
---------------+----------------------------------------+-----
Maces & Flails | 4 5 6 8 9 11 14 16 17 19 21 | 21.0
Fighting       | 4 5 6 7 9 10 12 | 12.1
Armour         | 3 4 5 6 8 11 12 13 | 13.6
Shields        | 4 |  4.2
Dodging        | |  2.1

Action                   |  1- 3 |  4- 6 |  7- 9 | 10-12 | 13-15 || total
-------------------------+-------+-------+-------+-------+-------++-------
Melee: Mace              |    71 |    15 |       |       |       ||    86
       Headbutt          |     6 |    14 |    48 |    65 |    32 ||   165
       Great mace        |       |    51 |   188 |   249 |   139 ||   627
       Dire flail        |       |       |    37 |     9 |       ||    46
Invok: Berserk           |     1 |     1 |     4 |     5 |     2 ||    13
       Trog's Hand       |       |       |     2 |       |       ||     2
       Brothers in Arms  |       |       |     1 |     2 |       ||     3
  Use: Scroll            |       |    11 |    13 |    13 |     1 ||    38
       Potion            |       |       |     2 |     7 |     2 ||    11
 Stab: Invisible         |       |       |       |     2 |       ||     2
Armor: Animal skin       |    24 |     3 |       |       |       ||    27
       Scale mail        |       |    36 |   148 |   204 |    55 ||   443
       Chain mail        |       |       |       |    27 |       ||    27
       Plate armour      |       |       |       |       |     3 ||     3
Dodge: Dodged            |    50 |    41 |   190 |   206 |    69 ||   556
Block: Other             |       |       |       |    12 |    35 ||    47
       Reflection        |       |       |       |       |     2 ||     2

Table legend: (Time is in decaauts)
 A = Elapsed time spent in this place.
 B = Non-inter-level travel time spent in this place.
 C = Inter-level travel time spent in this place.
 D = Time resting spent in this place.
 E = Time spent auto-exploring this place.
 F = Levels seen in this place.
 G = Mean time per level.
                   A        B        C        D        E       F      G
               +--------+--------+--------+--------+--------+-----+--------+
         Total |  15866 |  15463 |    403 |   3538 |   9317 |  13 | 1220.5 |
       Dungeon |  14673 |  14270 |    403 |   2694 |   9273 |  12 | 1222.8 |
        Bailey |   1193 |   1193 |      0 |    844 |     44 |   1 | 1193.0 |
               +--------+--------+--------+--------+--------+-----+--------+

Top non-repeatable levels by time:
    D:12: 2581 daAuts
     D:6: 1449 daAuts
    D:11: 1436 daAuts
     D:4: 1272 daAuts
     D:9: 1202 daAuts
  Bailey: 1193 daAuts
    D:10: 1128 daAuts
     D:1: 1054 daAuts
     D:7: 1047 daAuts
     D:3: 1046 daAuts
     D:8: 887 daAuts
     D:2: 840 daAuts
     D:5: 728 daAuts
